 Dungeon Crawl Stone Soup version 0.21-a0-522-ga8338f0 (webtiles) character file.

64 Dawnplanks the Skirmisher (level 3, 0/30 HPs)
             Began as a Demonspawn Abyssal Knight on Dec 6, 2017.
             Was a Follower of Lugonu.
             Slain by a goblin
             ... wielding a +0 dagger
              (1 damage)
             ... on level 2 of the Dungeon.
             The game lasted 00:03:13 (1007 turns).

Dawnplanks the Skirmisher (DsAK)                    Turns: 1007, Time: 00:03:14

Health: 0/30       AC:  3    Str: 13    XL:     3   Next: 91%
Magic:  5/5        EV: 11    Int: 13    God:    Lugonu [*.....]
Gold:   85         SH:  3    Dex: 16    Spells: 2/2 levels left

rFire    . . .     SeeInvis .   a - +1 falchion
rCold    . . .     Gourm    .   k - +0 buckler
rNeg     . . .     Faith    .   b - +0 leather armour
rPois    .         Spirit   .   (no helmet)
rElec    .         Reflect  .   (no cloak)
rCorr    .         Harm     .   (no gloves)
MR       .....                  (no boots)
Stlth    ++........             (no amulet)
HPRegen  0.10/turn              (no ring)
MPRegen  0.09/turn              (no ring)

@: no status effects
A: thin skeletal structure 2
a: Depart the Abyss, Renounce Religion


You were on level 2 of the Dungeon.
You worshipped Lugonu.
Lugonu was aware of your devotion.
You were hungry.

You visited 1 branch of the dungeon, and saw 2 of its levels.
You visited the Abyss 1 time.

You collected 85 gold pieces.

Inventory:

Hand Weapons
 a - a +1 falchion (weapon)
Armour
 b - a +0 leather armour (worn)
 k - a +0 buckler (worn)
Scrolls
 h - a scroll of magic mapping {unknown}
 i - a scroll of remove curse {unknown}
 l - a scroll of immolation {unknown}
 n - a scroll of amnesia {unknown}
Potions
 d - a potion of lignification {unknown}
 e - a potion of magic {unknown}
 f - 3 potions of curing {unknown}
 j - a potion of invisibility {unknown}
 m - a potion of brilliance {unknown}
Comestibles
 c - 3 bread rations


   Skills:
 + Level 3.9 Fighting
 + Level 2.2 Long Blades
 + Level 2.2 Armour
 + Level 1.3 Dodging
 + Level 0.0 Shields
 + Level 3.0 Invocations


You had 2 spell levels left.
You didn't know any spells.

Dungeon Overview and Level Annotations

Branches:
Dungeon (2/15)

Altars:

Annotations:
D:2 Terence


Innate Abilities, Weirdness & Mutations

You have a moderately thin skeletal structure. (Dex +4, Stealth+)


Message History

You are too injured to fight recklessly!
You are too injured to fight recklessly!
You are too injured to fight recklessly!
You are too injured to fight recklessly!
You are too injured to fight recklessly!
You are too injured to fight recklessly!
You are too injured to fight recklessly!
You are too injured to fight recklessly!
You are too injured to fight recklessly!
You are too injured to fight recklessly!
You are too injured to fight recklessly!
You are too injured to fight recklessly!
You hit Terence but do no damage.
Terence is moderately wounded.
The goblin hits you with a dagger. Terence hits you with a trident.
You block the kobold's attack. The goblin barely misses you.
Terence hits you from afar with a trident!
* * * LOW HITPOINT WARNING * * *
The goblin hits you with a dagger.
You die...

..#..........#
.............#
###..........# #####
###..........###...####
.###....>.............
..#..........###....####.
#.#...........##.........
#................g.......
.............#..@K@..#
...............##........
......([....#......#####.
..............#.......
..........###......... ..
..........# ##..######..
)# #........## ..## # ..
#........## #$## .##
..........## ...


You could see Terence, a goblin and a kobold.

Vanquished Creatures
  Jessica (D:2)
  2 dart slugs (D:1)
  A leopard gecko (D:1)
  2 ball pythons (D:2)
  3 bats (D:1)
  3 giant cockroaches (D:1)
  6 goblins
  2 hobgoblins (D:1)
  4 kobolds (D:1)
  A frilled lizard (D:2)
  5 rats (D:1)
30 creatures vanquished.

Vanquished Creatures (others)
  7 toadstools (D:1)
7 creatures vanquished.

Grand Total: 37 creatures vanquished

Notes
Turn   | Place    | Note
-------+----------+-------------------------------------------
     0 | Abyss:1  | Dawnplanks the Demonspawn Abyssal Knight began the quest for the Orb.
     0 | Abyss:1  | Reached XP level 1. HP: 18/18 MP: 2/2
    32 | Abyss:1  | Noticed a small abomination
    36 | Abyss:1  | Noticed an ancient zyme
    39 | D:1      | Escaped the Abyss
   146 | D:1      | Gained mutation: You have a somewhat thin skeletal structure. (Dex +2, Stealth) [demonic ancestry]
   146 | D:1      | Reached XP level 2. HP: 20/24 MP: 3/3
   318 | D:1      | Reached skill level 1 in Dodging
   379 | D:1      | Reached * piety under Lugonu
   397 | D:2      | Noticed Jessica
   412 | D:1      | Gained mutation: You have a moderately thin skeletal structure. (Dex +4, Stealth+) [demonic ancestry]
   412 | D:1      | Reached XP level 3. HP: 8/30 MP: 3/5
   785 | D:2      | Killed Jessica
   998 | D:2      | Noticed Terence
  1007 | D:2      | HP: 1/30 [Terence/trident (9)]
  1007 | D:2      | Slain by a goblin

Vault maps used:
D:1:      nagdon_arrival_double_spiral
D:2:      okawaru_metal_pillars_1_2, uniq_jessica, uniq_crazy_yiuf_cottage,
          uniq_terence
Abyss:1:  due_exit_kobolds, minivault_1

Skill      XL: |  1  2  3 |
---------------+----------+-----
Dodging        | 1 |  1.3
Armour         | 2 |  2.2
Long Blades    | 2 |  2.2
Invocations    | 3 |  3.0
Fighting       | |  3.9

Action                   || total
-------------------------++-------
Melee: Falchion          ||    74
Invok: Depart the Abyss  ||     1
 Stab: Sleeping          ||     3
Armor: Leather armour    ||    32
Dodge: Dodged            ||    61
Block: Buckler           ||     2
       Rpst.: Falchion   ||    15

Table legend:
 A = Spawn XP
 B = Non-spawn XP
 C = Spawn XP percentage of total XP
 D = Spawn monster count
 E = Non-spawn monster count
 F = Spawn count percentage of total count
 G = Total turns spent on level
                    A         B        C        D         E        F      G
               +---------+---------+-------+---------+---------+-------+---------
         Total |       0 |      92 |   0.0 |       0 |      30 |   0.0 |  1007
               +---------+---------+-------+---------+---------+-------+---------
           D:1 |       0 |      48 |   0.0 |       0 |      25 |   0.0 |   711
           D:2 |       0 |      44 |   0.0 |       0 |       5 |   0.0 |   257
               +---------+---------+-------+---------+---------+-------+---------
